 Dungeon Crawl Stone Soup version 0.27-a0-148-g9515ab555c (webtiles) character file.

Game seed: 13868506711838542005

306395 gimp the Bludgeoner (level 19, 0/151 HPs)
             Began as a Demigod Wanderer on Jan 26, 2021.
             Slain by a two-headed ogre
             ... wielding a cursed +0 giant club
              (15 damage)
             ... on level 4 of the Vaults.
             The game lasted 02:13:49 (63073 turns).

gimp the Bludgeoner (Demigod Wanderer)             Turns: 63073, Time: 02:13:49

Health: 0/151      AC: 20    Str: 25    XL:     19   Next: 52%
Magic:  32/47      EV: 15    Int: 15    God:
Gold:   368        SH: 19    Dex: 12    Spells: 19/38 levels left

rFire    . . .     SeeInvis +   a - +6 demon whip (freeze)
rCold    + . .     Faith    .   W - +0 kite shield {reflect}
rNeg     . . .     Spirit   .   q - +1 ring mail "Odiy" {+Inv rElec rCorr Dex-4}
rPois    .         Reflect  +   Y - +2 helmet {SInv}
rElec    +         Harm     .   A - +2 cloak
rCorr    +         Rampage  .   u - +1 pair of gloves
Will     ++...                  p - +2 pair of boots
Stlth    ++........             I - amulet of the Evening {Reflect Fragile MP+9 Slay+6 SH+5 Stlth+}
HPRegen  0.35/turn              l - ring of protection from cold
MPRegen  0.30/turn              x - ring of willpower

@: very slightly contaminated
A: clumsy 1, deformed body, high mp 1, subdued magic 1
}: 2/15 runes: serpentine, barnacled
a: Evoke Invisibility


You were on level 4 of the Vaults.
You visited 6 branches of the dungeon, and saw 35 of its levels.
You also visited: Ice Cave.

You collected 3738 gold pieces.
You spent 3370 gold pieces at shops.

Inventory:

Hand Weapons
 a - a +6 demon whip of freezing (weapon)
 b - a +1 eveningstar of flaming
Missiles
 n - 6 throwing nets
 t - 130 poisoned darts
 y - 32 silver javelins
 P - 32 curare-tipped darts
Armour
 p - a +2 pair of boots (worn)
 q - the +1 ring mail "Odiy" (worn) {+Inv rElec rCorr Dex-4}
   (You found it on level 7 of the Dungeon)

   It affects your dexterity (-4).
   It insulates you from electricity.
   It lets you turn invisible.
   It provides partial protection from all sources of acid and corrosion.
 u - a +1 pair of gloves (worn)
 A - a +2 cloak (worn)
 H - +4 ice dragon scales
 W - a +0 kite shield of reflection (worn)
 Y - a +2 helmet of see invisible (worn)
Jewellery
 l - a ring of protection from cold (left hand)
 x - a ring of willpower (right hand)
 D - an uncursed ring of poison resistance
 I - the amulet of the Evening (around neck) {Reflect Fragile MP+9 Slay+6 SH+5 Stlth+}
   (You found it on level 7 of the Dungeon)

   [amulet of reflection]

   It shields you and reflects attacks.
   It affects your accuracy and damage with ranged weapons and melee attacks
   (+6).
   It affects your magic capacity (+9).
   It will be destroyed if unequipped.
   It affects your SH (+5).
   It makes you more stealthy.
 N - an uncursed ring of flight
 V - an uncursed ring of protection from fire
Wands
 f - a wand of acid (9)
 E - a wand of digging (20)
 F - a wand of mindburst (28)
 Z - a wand of iceblast (7)
Scrolls
 c - 34 scrolls of teleportation
 d - a scroll of immolation
 e - 2 scrolls of enchant armour
 j - 2 scrolls of blinking
 k - 6 scrolls of magic mapping
 m - 14 scrolls of remove curse
 s - 2 scrolls of silence
 z - 9 scrolls of identify
 O - 6 scrolls of fog
 Q - 4 scrolls of holy word
 T - a scroll of fear
Potions
 g - 6 potions of heal wounds
 h - 2 potions of berserk rage
 i - 3 potions of cancellation
 o - 10 potions of curing
 r - 2 potions of resistance
 w - a potion of magic
 B - 3 potions of mutation
 G - a potion of haste
 J - 9 potions of ambrosia
 R - 4 potions of flight
 S - 4 potions of brilliance
Miscellaneous
 v - a tin of tremorstones (2/2)
 C - a phial of floods
 K - a lightning rod (4/4)
 L - a condenser vane
 M - a phantom mirror
 U - a box of beasts


   Skills:
 - Level 9.0 Fighting
 - Level 1.0 Long Blades
 - Level 16.0 Maces & Flails
 - Level 1.2 Crossbows
 - Level 6.0 Throwing
 + Level 14.0 Armour
 - Level 8.0 Dodging
 - Level 1.0 Stealth
 - Level 15.0 Shields
 - Level 10.0 Spellcasting
 - Level 10.0 Conjurations
 * Level 1.0 Summonings
 + Level 4.9 Translocations
 - Level 10.0 Transmutations
 - Level 7.0 Evocations


You had 19 spell levels left.
You knew the following spells:

 Your Spells              Type           Power        Failure   Level
a - Irradiate             Conj/Tmut      14%          4%          5
b - Blink                 Tloc           N/A          1%          2
c - Passwall              Tmut/Erth      14%          1%          2
d - Statue Form           Tmut/Erth      11%          93%         6
e - Summon Ice Beast      Ice/Summ       7%           67%         4

Your spell library contained the following spells:

 Spells                   Type           Power        Failure   Level
 Apportation              Tloc           34%          1%          1
 Magic Dart               Conj           100%         1%          1
 Shock                    Conj/Air       68%          1%          1
 Sting                    Tmut/Pois      68%          1%          1
 Conjure Flame            Conj/Fire      17%          3%          3
 Dazzling Flash           Conj/Hex       34%          3%          3
 Stone Arrow              Conj/Erth      34%          3%          3
 Lesser Beckoning         Tloc           8%           4%          3
 Ignite Poison            Fire/Tmut/Pois 13%          9%          3
 Mephitic Cloud           Conj/Pois/Air  13%          9%          3
 Corona                   Hex            5%           11%         1
 Freeze                   Ice            20%          11%         1
 Sandblast                Erth           10%          11%         1
 Call Imp                 Summ           8%           11%         2
 Portal Projectile        Hex/Tloc       22%          12%         3
 Hailstorm                Conj/Ice       17%          14%         4
 Petrify                  Tmut/Erth      17%          14%         4
 Ensorcelled Hibernation  Hex/Ice        10%          17%         2
 Poisonous Vapours        Pois/Air       10%          17%         2
 Slow                     Hex            5%           17%         2
 Call Canine Familiar     Summ           8%           22%         3
 Hydra Form               Tmut           14%          28%         6
 Confusing Touch          Hex            5%           32%         3
 Frozen Ramparts          Ice            10%          32%         3
 Inner Flame              Hex/Fire       5%           32%         3
 Ozocubu's Armour         Ice            5%           32%         3
 Tukima's Dance           Hex            5%           32%         3
 Alistair's Intoxication  Tmut/Pois      11%          38%         5
 Fireball                 Conj/Fire      8%           38%         5
 Bolt of Magma            Conj/Fire/Erth 6%           63%         5
 Cause Fear               Hex            2%           75%         4
 Leda's Liquefaction      Hex/Erth       2%           75%         4
 Olgreb's Toxic Radiance  Pois           5%           75%         4
 Dragon Form              Tmut           14%          86%         7
 Iron Shot                Conj/Erth      8%           93%         6
 Starburst                Conj/Fire      8%           93%         6
 Lee's Rapid Deconstruct  Erth           2%           98%         5
 Invisibility             Hex            5%           100%        6
 Shadow Creatures         Summ           N/A          100%        6
 Haunt                    Necr/Summ      3%           100%        7
 Malign Gateway           Summ/Tloc      6%           100%        7
 Monstrous Menagerie      Summ           4%           100%        7
 Summon Hydra             Summ           4%           100%        7
 Ignition                 Fire           2%           100%        8
 Summon Horrible Things   Summ           4%           100%        8
 Shatter                  Erth           2%           100%        9


Dungeon Overview and Level Annotations

Branches:
Dungeon (15/15)            Temple (0/1) D:4            Lair (6/6) D:10
 Shoals (4/4) Lair:3        Snake (4/4) Lair:2        Slime (0/5) Lair:5
    Orc (2/2) D:10            Elf (0/3) Orc:2        Vaults (4/5) D:13
  Crypt (0/3) Vaults:3     Depths (0/5) D:15          IceCv (visited)

Shops:
D:4 [   D:5 (   D:10 ?   D:11 =   D:15 *!!?   Orc:1 *   Orc:2 (?!(
Shoals:3 }:   Snake:2 [   Snake:4 =   Vaults:2 (

Portals:
Trove: Vaults:3 (give +4 ice dragon scales)

Annotations:
D:8 2 transporters, dickylongcocking's ghost, novice OpVM
D:14 Roxanne
Shoals:4 Ilsuiw
Snake:2 Araeheci's ghost, adept MiGl


Innate Abilities, Weirdness & Mutations

You have an increased reservoir of magic. (+10% MP)
You are clumsy. (Dex -2)
Armour fits poorly on your strangely shaped body.
Your spells are a little easier to cast, but a little less powerful.


Message History

The two-headed ogre is lightly wounded.
The orc priest begins to cast a cantrip, but forgets the words!
You block the orc warrior's attack.
You hit the two-headed ogre. You freeze the two-headed ogre.
The two-headed ogre is lightly wounded.
You block the two-headed ogre's attack.
The two-headed ogre hits you with a +0 giant spiked club.
The ynoxinul gestures.
The orc knight hits you from afar with a +0 bardiche!!
* * * LOW HITPOINT WARNING * * *
You take 28 damage, and have 32/151 hp.
You thrash the two-headed ogre!! You freeze the two-headed ogre.
The two-headed ogre is severely wounded.
The orc priest calls down the wrath of Beogh upon you.
Beogh smites you!
* * * LOW HITPOINT WARNING * * *
The two-headed ogre hits you with a cursed +0 giant club.
* * * LOW HITPOINT WARNING * * *
The two-headed ogre hits you with a +0 giant spiked club!
You die...

.#..)...# #......#
.#.))...# #......#
##......# #......#
####'###########+###'##
......................#
......................#
......................#
...............5))....#
...............5@O....#
##+#'############3o...#
#......p .....# #oo...#
#....... .....# #oo5..#
#....... .....#
.o.ooo'o....# ........
...(.# oo..o.#.....#
........ .....#
o..ooo'.....+ ........
.....# O...o #.....#
........ ###### o.3.o
#.....# ........


You could see an orc knight, a two-headed ogre (fast), a ynoxinul (summoned), 2
orc warriors, 3 orc priests and 3 ufetubi.

Vanquished Creatures
  Mara (Snake:3)
  Saint Roka (Orc:2)
  Jorgrun (D:13)
  Rupert (Orc:2)
  An Ice Fiend (IceCv)
  Asterion (Snake:3)
  A storm dragon (Vaults:3)
  Donald (Orc:2)
  8 nagarajas
  Aizul (Snake:3)
  2 orc warlords
  5 vault wardens
  A ghoul (Vaults:2)
  2 very ugly things (Vaults:4)
  8 ironheart preservers
  5 stone giants
  A vampire knight (Vaults:3)
  A deep elf annihilator (Vaults:2)
  A crystal guardian (Vaults:2)
  An eidolon (Vaults:3)
  2 merfolk javelineers (Shoals:4)
  Josephine (D:10)
  5 merfolk impalers
  A fire dragon (Lair:6)
  13 vault guards
  6 yaktaur captains
  A great orb of eyes (Vaults:1)
  Fannar (D:10)
  18 naga warriors
  3 ice dragons
  4 boulder beetles
  5 hydras
  Erica (D:8)
  6 merfolk avatars
  10 centaur warriors
  A death knight (Vaults:2)
  3 alligator snapping turtles (Shoals:4)
  4 merfolk aquamancers
  11 two-headed ogres
  5 ogre magi
  13 anacondas
  6 death yaks (Lair:6)
  2 vampire magi
  3 satyrs
  A deep troll earth mage (Vaults:4)
  A tengu warrior (D:15)
  7 orc high priests
  16 naga sharpshooters
  4 shock serpents
  Sonja (Lair:2)
  3 deep elf knights
  Nergalle (Lair:4)
  A salamander mystic (Snake:3)
  A shadow wraith (Vaults:2)
  4 skeletal warriors
  8 sea snakes
  A glowing orange brain (Vaults:3)
  A storm dragon skeleton (D:15)
  6 deep trolls
  3 flayed ghosts
  2 unseen horrors
  7 deep elf archers
  4 naga ritualists
  An unseen horror (shapeshifter) (Vaults:4)
  A wizard (Vaults:2)
  2 harpies (shapeshifter)
  10 harpies
  A lindwurm (Lair:6)
  A tengu zombie (D:15)
  A wolf spider (Vaults:1)
  35 ugly things
  8 ironbrand convokers
  2 necromancers
  15 orc knights
  An oklob plant (Lair:1)
  7 deep elf magi
  7 fauns
  8 mana vipers
  6 salamanders
  A shadow dragon skeleton (Vaults:3)
  6 orc sorcerers
  7 cyclopes
  A cyclops (shapeshifter) (D:13)
  10 manticores
  A fire giant skeleton (D:15)
  34 black mambas
  Maurice (Orc:1)
  A moth of wrath (Snake:2)
  4 elephants (Lair:4)
  2 molten gargoyles (Lair:6)
  4 ice statues (IceCv)
  28 naga magi
  6 water nymphs
  9 merfolk sirens
  7 vault sentinels
  11 guardian serpents
  3 gargoyles
  A torpor snail (Lair:4)
  A guardian serpent (shapeshifter) (Vaults:1)
  A storm dragon simulacrum (Vaults:3)
  19 yaktaurs
  4 freezing wraiths
  5 rime drakes
  13 cane toads
  Maggie (D:8)
  12 ice devils (IceCv)
  A golden dragon simulacrum (IceCv)
  2 anaconda simulacra (IceCv)
  12 komodo dragons
  A queen bee (Lair:1)
  20 merfolk
  2 tengu conjurers (D:15)
  A meliai (shapeshifter) (Vaults:2)
  A queen bee (shapeshifter) (Vaults:1)
  11 trolls
  11 wind drakes
  A polar bear (shapeshifter) (Vaults:1)
  3 hornets
  A sphinx simulacrum (Vaults:3)
  A deep troll zombie (D:15)
  21 blink frogs
  25 slime creatures
  4 snapping turtles
  A redback (shapeshifter) (Vaults:3)
  7 water elementals
  A human simulacrum (Vaults:3)
  3 shadows
  A wyvern (shapeshifter) (D:14)
  A dire elephant simulacrum (IceCv)
  9 wraiths
  56 yaks
  A human (shapeshifter) (Vaults:2)
  6 wyverns
  A golden eye (shapeshifter) (Vaults:3)
  5 steam dragons
  4 basilisks
  A harpy simulacrum (IceCv)
  A yaktaur simulacrum (Vaults:3)
  4 vampire mosquitoes (D:15)
  2 iron troll simulacra (IceCv)
  3 acid dragons
  The ghost of foci the Chopper, an amateur GrGl (D:4)
  10 wargs
  2 hydra simulacra (IceCv)
  48 nagas
  10 water moccasins
  A deep troll skeleton (Vaults:3)
  A water moccasin (shapeshifter) (D:13)
  3 hell hounds (Lair:6)
  55 orc warriors
  5 ice beasts
  A black bear (Lair:4)
  A black bear (shapeshifter) (D:15)
  A hornet zombie (D:15)
  An ettin simulacrum (IceCv)
  5 sky beasts
  2 eyes of draining
  5 wolves (Lair:4)
  3 phantoms
  30 ogres
  3 necrophages
  17 centaurs
  A big kobold (D:4)
  12 bullfrogs
  A deep troll simulacrum (Vaults:1)
  7 jellies
  2 scorpions
  34 killer bees
  An elf simulacrum (Vaults:3)
  14 wights
  7 howler monkeys
  An electric eel (D:10)
  5 lava snakes (Lair:6)
  A bullfrog zombie (D:10)
  4 centaur zombies
  3 bullfrog skeletons
  6 centaur skeletons
  A quasit (D:8)
  47 orc priests
  A gnoll shaman (D:6)
  6 hounds
  27 orc wizards
  7 hell rats (Lair:5)
  3 iguanas
  16 worker ants
  A killer bee zombie (D:8)
  2 hound zombies
  3 gnolls (D:6)
  2 worker ant zombies
  19 adders
  3 shadow imps
  6 white imps
  3 ufetubi
  An adder zombie (D:10)
  An adder skeleton (D:6)
  A worm (D:4)
  2 dart slugs
  8 leopard geckos
  135 orcs
  2 ball pythons
  13 giant cockroaches
  10 goblins
  7 hobgoblins
  2 jackals (D:7)
  11 kobolds
  6 quokkas
  6 bats
  A frilled lizard (D:4)
  A jackal skeleton (D:5)
  A leopard gecko skeleton (D:4)
  A leopard gecko zombie (D:6)
  A quokka skeleton (D:10)
  8 rats
1434 creatures vanquished.

Vanquished Creatures (collateral kills)
  A naga warrior (Snake:4)
  Erolcha (D:9)
  A hydra (Lair:2)
  2 merfolk avatars (Shoals:4)
  A merfolk aquamancer (Shoals:4)
  A naga sharpshooter (Snake:4)
  A harpy (Shoals:2)
  A merfolk (Shoals:4)
  A water elemental (Shoals:2)
  An orc warrior (Orc:2)
  An orc priest (Orc:2)
12 creatures vanquished.

Vanquished Creatures (others)
  A naga ritualist (Snake:3)
  An orc wizard (D:8)
  12 fungi
  115 plants
129 creatures vanquished.

Grand Total: 1575 creatures vanquished

Notes
Turn   | Place    | Note
-------+----------+-------------------------------------------
     0 | D:1      | gimp the Demigod Wanderer began the quest for the Orb.
     0 | D:1      | gimp set off with the following items: a +2 hand crossbow,
                  | 26 bolts, a scroll of teleportation, a +0 ring mail
     0 | D:1      | Reached XP level 1. HP: 17/17 MP: 3/3
   230 | D:1      | Reached XP level 2. HP: 17/25 MP: 4/4
  1062 | D:2      | Reached XP level 3. HP: 19/31 MP: 5/5
  2055 | D:3      | Reached XP level 4. HP: 33/40 MP: 6/6
  2672 | D:3      | Reached skill level 5 in Fighting
  2672 | D:3      | Reached XP level 5. HP: 48/48 MP: 7/7
  2822 | D:3      | Reached skill level 1 in Maces & Flails
  3487 | D:4      | Found a staircase to the Ecumenical Temple.
  3645 | D:4      | Found a transporter.
  3718 | D:4      | Found a transporter.
  3719 | D:4      | Noticed foci's ghost (amateur GrGl)
  3872 | D:4      | Reached skill level 2 in Maces & Flails
  4052 | D:4      | Reached skill level 3 in Maces & Flails
  4052 | D:4      | Reached XP level 6. HP: 56/56 MP: 8/8
  4217 | D:4      | Found Qoapt's Antique Armour Shop.
  4221 | D:4      | Bought a buckler for 108 gold pieces
  4221 | D:4      | Bought a glowing cloak for 180 gold pieces
  4655 | D:4      | Reached skill level 1 in Shields
  4739 | D:5      | Entered Level 5 of the Dungeon
  4776 | D:4      | Reached skill level 4 in Maces & Flails
  4986 | D:5      | Found Tittae's Antique Weapon Emporium.
  5201 | D:5      | Reached XP level 7. HP: 55/61 MP: 9/9
  5667 | D:5      | Reached skill level 5 in Maces & Flails
  6277 | D:6      | Identified the +7 trident of the Middle {flame, *Contam
                  | Str+2 Int+4 Dex+7} (You found it on level 6 of the Dungeon)
  6444 | D:6      | Found a white marble altar of Elyvilon.
  6518 | D:6      | Reached skill level 6 in Maces & Flails
  6518 | D:6      | Reached XP level 8. HP: 38/68 MP: 10/10
  7079 | D:6      | Reached skill level 7 in Maces & Flails
  7196 | D:6      | You fall into a shaft and drop 3 floors!
  7285 | D:8      | Reached skill level 5 in Armour
  7353 | D:8      | Noticed Maggie
  7357 | D:8      | Killed Maggie
  7601 | D:8      | Noticed Erica
  7610 | D:8      | Killed Erica
  7611 | D:8      | Reached skill level 8 in Maces & Flails
  7611 | D:8      | Reached XP level 9. HP: 67/74 MP: 11/11
  8143 | D:7      | Reached skill level 9 in Maces & Flails
  8180 | D:7      | Noticed a komodo dragon
  8180 | D:7      | Noticed a purple ugly thing
  8180 | D:7      | Noticed a cyclops
  8202 | D:7      | Killed a komodo dragon
  8204 | D:7      | Killed a purple ugly thing
  8258 | D:7      | Killed a cyclops
  8259 | D:7      | Reached skill level 10 in Maces & Flails
  8526 | D:7      | Got an ichor-stained ring mail
  8532 | D:7      | Got a glittering golden amulet
  8545 | D:7      | Identified the cursed +1 ring mail "Odiy" {+Inv rElec rCorr
                  | Dex-4} (You found it on level 7 of the Dungeon)
  8554 | D:7      | Identified the amulet of the Evening {Reflect Fragile MP+9
                  | Slay+6 SH+5 Stlth+} (You found it on level 7 of the
                  | Dungeon)
  8898 | D:7      | Reached XP level 10. HP: 81/81 MP: 13/13
  9215 | D:6      | Found a bloodstained altar of Trog.
  9215 | D:6      | Found a sparkling altar of Nemelex Xobeh.
  9837 | D:7      | Found an ancient bone altar of Kikubaaqudgha.
  9970 | D:8      | Found a transporter.
  9975 | D:8      | Noticed dickylongcocking's ghost (novice OpVM)
  9980 | D:8      | Identified the +4 great mace of the Hawk {flame, +Fly Str+4
                  | Int+3 Dex+2}
  9980 | D:8      | Noticed a two-headed ogre
 10648 | D:8      | Found a transporter.
 10895 | D:4      | Bought an embroidered scarf for 192 gold pieces
 10990 | D:4      | Killed foci's ghost
 11186 | D:9      | Reached skill level 11 in Maces & Flails
 11761 | D:9      | Noticed Erolcha
 11767 | D:9      | Killed Erolcha
 12143 | D:10     | Entered Level 10 of the Dungeon
 12195 | D:10     | Found a staircase to the Orcish Mines.
 12198 | D:10     | Found Tyagom's Magic Scroll Emporium.
 12207 | D:10     | Bought a scroll of teleportation for 42 gold pieces
 12207 | D:10     | Bought a scroll of teleportation for 42 gold pieces
 12207 | D:10     | Bought a scroll of identify for 28 gold pieces
 12207 | D:10     | Bought a scroll of identify for 28 gold pieces
 12207 | D:10     | Bought a scroll of fog for 28 gold pieces
 12207 | D:10     | Bought a scroll of magic mapping for 49 gold pieces
 12227 | D:10     | Reached skill level 12 in Maces & Flails
 12294 | D:10     | Found a staircase to the Lair.
 12848 | D:10     | Reached XP level 11. HP: 86/86 MP: 14/14
 13148 | D:10     | Reached skill level 5 in Shields
 13336 | D:10     | Noticed Josephine
 13363 | D:10     | Killed Josephine
 13450 | D:10     | Found a roughly hewn altar of Beogh.
 14298 | D:11     | Killed an unseen horror
 14515 | D:11     | Found Toer's Jewellery Shop.
 14740 | D:12     | Noticed a two-headed ogre
 14751 | D:12     | Killed a two-headed ogre
 14784 | D:12     | Noticed a two-headed ogre
 14784 | D:12     | Noticed a two-headed ogre
 14798 | D:12     | Killed a two-headed ogre
 14799 | D:12     | Reached skill level 10 in Armour
 14808 | D:12     | Killed a two-headed ogre
 15626 | Lair:1   | Entered Level 1 of the Lair of Beasts
 15645 | D:10     | Reached XP level 12. HP: 94/94 MP: 15/15
 15842 | Lair:1   | Reached skill level 10 in Shields
 16889 | Lair:2   | Reached skill level 5 in Evocations
 16963 | Lair:2   | Found a staircase to the Snake Pit.
 17023 | Lair:2   | Noticed Sonja
 17025 | Lair:2   | Killed Sonja
 17037 | Lair:2   | Noticed a six-headed hydra
 17045 | Lair:2   | Killed a six-headed hydra
 17812 | Lair:3   | You fall into a shaft and drop 2 floors!
 18125 | Lair:5   | Found a viscous altar of Jiyva.
 18125 | Lair:5   | Found a staircase to the Slime Pits.
 18138 | Lair:4   | Noticed a six-headed hydra
 18162 | Lair:5   | Killed a six-headed hydra
 18385 | Lair:5   | Reached XP level 13. HP: 100/100 MP: 16/16
 18596 | Lair:4   | Noticed Nergalle
 18608 | Lair:4   | Killed Nergalle
 18818 | Lair:3   | Reached skill level 1 in Throwing
 18827 | Lair:3   | Reached skill level 1 in Dodging
 18967 | Lair:3   | Found a staircase to the Shoals.
 19842 | Lair:5   | You fall into a shaft and drop 1 floor!
 19842 | Lair:6   | Entered Level 6 of the Lair of Beasts
 22463 | Lair:6   | Found a large runed translucent door.
 22464 | Lair:6   | Found a large runed translucent door.
 22502 | Lair:6   | Reached XP level 14. HP: 89/107 MP: 17/17
 22826 | Orc:1    | Entered Level 1 of the Orcish Mines
 22837 | Orc:1    | Noticed Maurice
 23011 | D:11     | Bought an uncursed ring of see invisible for 180 gold
                  | pieces
 23080 | Orc:1    | Killed Maurice
 23216 | Orc:1    | Paralysed by an orc sorcerer for 3 turns
 23217 | Orc:1    | Gained mutation: Armour fits poorly on your strangely
                  | shaped body. [a neqoxec]
 23429 | Orc:1    | Found Ebomiw's Assorted Antiques.
 23431 | Orc:1    | Noticed Fannar
 23476 | D:10     | Killed Fannar
 23553 | Orc:1    | Bought a scroll labelled RELUACATEAJ for 28 gold pieces
 23553 | Orc:1    | Bought a scroll labelled IZXAOXZAD WUYS for 28 gold pieces
 23558 | Orc:1    | Bought a scroll of identify for 56 gold pieces
 23583 | Orc:1    | Found a roughly hewn altar of Beogh.
 23645 | Orc:1    | You fall into a shaft and drop 1 floor!
 23645 | Orc:2    | Entered Level 2 of the Orcish Mines
 23879 | Orc:1    | Found a roughly hewn altar of Beogh.
 23898 | Orc:1    | Reached skill level 5 in Throwing
 24035 | Orc:1    | Found a roughly hewn altar of Beogh.
 24250 | Orc:2    | Noticed Rupert
 24371 | Orc:2    | Reached skill level 5 in Dodging
 24395 | Orc:1    | Learned a level 5 spell: Irradiate
 24463 | Orc:2    | Killed Rupert
 24618 | Orc:2    | Noticed Saint Roka
 24698 | Orc:2    | Killed Saint Roka
 24991 | Orc:2    | Found a roughly hewn altar of Beogh.
 25312 | Orc:2    | Found Pimef's Magic Scroll Emporium.
 25367 | Orc:2    | Found Ydoluman's Antique Weapon Shoppe.
 25508 | Orc:2    | Noticed Donald
 25528 | Orc:2    | Killed Donald
 26154 | Orc:2    | Reached skill level 15 in Shields
 26266 | Orc:2    | Found a staircase to the Elven Halls.
 26446 | Orc:2    | Noticed an orc warlord
 26501 | Orc:2    | Killed an orc warlord
 26766 | Orc:2    | Found a roughly hewn altar of Beogh.
 27372 | Orc:2    | Found Makim's Distillery.
 27971 | Orc:2    | Found Jakk's Antique Weapon Shop.
 28246 | Orc:2    | Bought a scroll of fog for 28 gold pieces
 28246 | Orc:2    | Bought a scroll of teleportation for 42 gold pieces
 28246 | Orc:2    | Bought a scroll of identify for 28 gold pieces
 28246 | Orc:2    | Bought 3 scrolls of identify for 84 gold pieces
 28246 | Orc:2    | Bought a scroll of magic mapping for 49 gold pieces
 28246 | Orc:2    | Bought a scroll of teleportation for 42 gold pieces
 28302 | Orc:2    | Bought a potion of haste for 170 gold pieces
 28302 | Orc:2    | Bought a potion of resistance for 170 gold pieces
 28302 | Orc:2    | Bought a potion of curing for 51 gold pieces
 28302 | Orc:2    | Bought a potion of curing for 51 gold pieces
 28514 | Orc:1    | Bought a potion of curing for 84 gold pieces
 28514 | Orc:1    | Bought a scroll of teleportation for 84 gold pieces
 28759 | D:13     | Noticed Jorgrun
 28791 | D:13     | Killed Jorgrun
 29153 | D:13     | Reached skill level 13 in Maces & Flails
 29313 | D:13     | Reached XP level 15. HP: 77/118 MP: 18/18
 29351 | D:13     | Found a gate to the Vaults.
 30531 | D:14     | Noticed Roxanne
 30999 | D:15     | Entered Level 15 of the Dungeon
 31093 | D:15     | Found a staircase to the Depths.
 31765 | D:14     | Reached skill level 14 in Maces & Flails
 31965 | D:15     | Found Kaghavuck's Distillery.
 31968 | D:15     | Bought a potion of heal wounds for 60 gold pieces
 31968 | D:15     | Bought a potion of heal wounds for 60 gold pieces
 31968 | D:15     | Bought a potion of heal wounds for 60 gold pieces
 31968 | D:15     | Bought a potion of curing for 36 gold pieces
 31968 | D:15     | Bought a potion of curing for 36 gold pieces
 32025 | D:15     | Bought a potion of degeneration for 12 gold pieces
 32241 | D:15     | Found Hati's Distillery.
 32422 | D:15     | Found Tyvok's Assorted Antiques.
 32582 | D:15     | Found Nujiss's Magic Scroll Boutique.
 32848 | Snake:1  | Entered Level 1 of the Snake Pit
 34630 | Snake:2  | Reached skill level 15 in Maces & Flails
 35102 | Snake:2  | Found a transporter.
 35128 | Snake:2  | Found a transporter.
 35130 | Snake:2  | Noticed Araeheci's ghost (adept MiGl)
 35928 | Snake:2  | Reached XP level 16. HP: 124/126 MP: 19/19
 36255 | Snake:2  | Found Atir's Armour Shop.
 37489 | Snake:2  | Bought a +2 helmet of see invisible for 322 gold pieces
 37639 | Snake:3  | Noticed Mara
 38022 | Snake:3  | Killed Mara
 38023 | Snake:3  | Reached skill level 16 in Maces & Flails
 38679 | Snake:4  | Entered Level 4 of the Snake Pit
 38744 | Snake:4  | Noticed Aizul
 38970 | Snake:3  | Killed Aizul
 39133 | Snake:4  | Reached skill level 1 in Conjurations
 39187 | Snake:4  | Noticed Asterion
 39219 | Snake:3  | Killed Asterion
 39519 | Snake:4  | Found Xoegin's Jewellery Shoppe.
 40148 | Snake:4  | Reached skill level 5 in Transmutations
 42036 | Snake:4  | Reached skill level 5 in Conjurations
 42071 | Snake:4  | Reached XP level 17. HP: 121/136 MP: 20/20
 42891 | Snake:4  | Got a serpentine rune of Zot
 43179 | Shoals:1 | Entered Level 1 of the Shoals
 43499 | Shoals:1 | You fall into a shaft and drop 1 floor!
 43836 | Shoals:2 | Found a frozen archway.
 43874 | IceCv    | Entered an ice cave
 45437 | IceCv    | Noticed an Ice Fiend
 45445 | IceCv    | Killed an Ice Fiend
 45455 | IceCv    | Identified the +7 chain mail "Qepipyun" {rF- rC+ Regen+
                  | Int+6} (You found it in an ice cave)
 46652 | Shoals:2 | Learned a level 2 spell: Blink
 46754 | Shoals:3 | Found Nimauny's Gadget Shop.
 47044 | Shoals:3 | Found Ciuxteni's Book Emporium.
 47097 | Shoals:3 | Identified the +1 scale mail "Luruut" {Rampage rN+ rCorr
                  | Int-3} (You found it on level 3 of the Shoals)
 47413 | Shoals:4 | Entered Level 4 of the Shoals
 50195 | Shoals:4 | Identified a scroll of acquirement
 50201 | Shoals:4 | Acquired a +1 eveningstar of protection
 51035 | Shoals:4 | Gained mutation: Your spells are a little easier to cast,
                  | but a little less powerful. [mutagenic glow]
 51047 | Shoals:4 | Gained mutation: You are clumsy. (Dex -2) [mutagenic glow]
 51519 | Shoals:4 | Reached skill level 10 in Transmutations
 52585 | Shoals:4 | Got a barnacled rune of Zot
 52605 | Shoals:4 | Identified Sif Muna's Almanac of Damaging Summoning
 52610 | Shoals:4 | Learned a level 2 spell: Passwall
 52617 | Shoals:4 | Learned a level 6 spell: Statue Form
 52633 | Shoals:4 | Noticed Ilsuiw
 52702 | Shoals:3 | Bought a condenser vane for 600 gold pieces
 52759 | Shoals:1 | Reached skill level 1 in Spellcasting
 52767 | Shoals:1 | Reached skill level 10 in Conjurations
 53178 | Shoals:1 | Reached XP level 18. HP: 86/145 MP: 24/24
 54120 | Snake:2  | Got a fading hat
 54557 | Snake:2  | Identified the +2 hat of Muopu {rF- Int+2 Dex+4} (You found
                  | it on level 2 of the Snake Pit)
 54725 | Vaults:1 | Entered Level 1 of the Vaults
 55573 | Vaults:1 | Reached skill level 5 in Spellcasting
 56411 | D:15     | Bought a glowing scarf for 312 gold pieces
 56871 | Vaults:1 | Learned a level 4 spell: Summon Ice Beast
 57308 | Vaults:2 | Found Danoro Uqiu's Antique Weapon Emporium.
 60488 | Vaults:3 | Reached XP level 19. HP: 82/151 MP: 37/37
 60985 | Vaults:3 | Found a burning altar of Makhleb.
 61203 | Vaults:3 | Found a staircase to the Crypt.
 61337 | Vaults:3 | Reached skill level 10 in Spellcasting
 61805 | Vaults:3 | Reached skill level 1 in Translocations
 62023 | Vaults:3 | Found a portal to a secret trove of treasure.
 63065 | Vaults:4 | Reached skill level 1 in Summonings
 63073 | Vaults:4 | Slain by a two-headed ogre

Illustrated notes

Levels and vault maps discovered:
D:1:      doesnt_arrival_eight_statues, layout_rooms
D:2:      minmay_roachtagon, layout_basic
D:3:      layout_loops_cross, grunt_ministairs_4
D:4:      layout_loops_corners, minmay_temple_entry_ruins,
          gammafunk_ghost_mausoleum, serial_shops, shop, lexackson_kobold_supper
D:5:      layout_loops_cross, serial_shops, nicolae_shop_behind_doors
D:6:      layout_basic, gammafunk_temple_overflow_wave, elyvilon_altar_4,
          chequers_serial_rivers_micro_b
D:7:      minmay_the_grid_octo_2x2 [minmay_the_grid_octo_empty,
          minmay_the_grid_octo_empty, minmay_the_grid_octo_tetromino_candy,
          minmay_the_grid_octo_prize_star], layout_basic,
          lemuel_coloured_pillars_altar, corexii_hall_statues_t
D:8:      layout_loops_corners, gammafunk_ghost_smash, lightli_minifort,
          uniq_erica, uniq_maggie
D:9:      layout_cave_pods, uniq_erolcha
D:10:     layout_loops_ring, erik_lair_orcish_takeover,
          minmay_orc_entry_temple_small, serial_shops, nicolae_shop_trees,
          serial_bayou_lagoon_a, uniq_josephine
D:11:     layout_stronghold, serial_shops, shop
D:12:     layout_gridville, serial_glass, glass_columns_a, glass_columns_a,
          glass_columns_a, glass_columns_c, glass_columns_c, glass_columns_a
D:13:     layout_cross, erik_vaults_2, uniq_jorgrun
D:14:     layout_basic, minmay_tree_intersection, uniq_roxanne
D:15:     gammafunk_depths_entry_grave, layout_rooms, serial_shops, shop,
          nicolae_shop_trees, shop, nicolae_shop_trees, palyth_stone_intersect,
          hangedman_abyss_or_decor_lesser_grid, amethyst_killhole,
          chequers_hall_statues_corner_a, grunt_ministairs_2
Lair:1:   layout_roguey [special_room_bee], minmay_lair_oklob_chamber,
          grunt_megastairs_1
Lair:2:   layout_big_grid, guppyfry_snake_entry_garden, grunt_megastairs_5,
          uniq_sonja
Lair:3:   layout_cave_pods, minmay_shoals_entry_centaurs
Lair:4:   layout_regular_city, serial_bayou_shore_b, uniq_nergalle
Lair:5:   layout_cellular_growth, slime_altar_1, lemuel_fruit_tree,
          lemuel_fruit_fields, grunt_megastairs_3
Lair:6:   cheibrodos_lair_end_hotspot, layout_regular_city,
          chequers_serial_rivers_micro_d
Shoals:1: layout_shoals
Shoals:2: layout_shoals, portal_ice_cave_entry_dragon
Shoals:3: layout_shoals, serial_shops, shop, nicolae_shop_stone
Shoals:4: shoals_end_simple, layout_shoals, shoal_ilsuiw,
          nicolae_shoals_drake_roost
Snake:1:  layout_misc_corridors
Snake:2:  nrook_guardian_serpent_snake_passage, layout_rooms, serial_shops,
          nicolae_shop_stone, gammafunk_ghost_berserking_beasts,
          serial_bayou_pond_e, serial_bayou_crossing
Snake:3:  layout_onion_interference, grunt_ministairs_15, grunt_megastairs_4,
          serial_bayou_shore_b, uniq_mara
Snake:4:  snake_pit, layout_grid_shapes, serial_shops, nicolae_shop_statue_plus,
          uniq_asterion, uniq_aizul
Orc:1:    layout_caves, serial_shops, nicolae_shop_overgrown_old_shop,
          basic_altar, hangedman_feature_mirror, uniq_fannar, uniq_maurice
Orc:2:    pubby_orc_utopia, uniq_saint_roka, uniq_rupert, uniq_donald
Vaults:1: ontoclasm_vaults_gallery, hangedman_vaults_variations, v_rooms_4,
          v_misc_24, v_pattern_5, nicolae_vaults_what_the_h, vaults_room_pool,
          vaults_dpeg_diagonal, ontoclasm_vaults_ring_small,
          layout_vaults_omnigrid
Vaults:2: ontoclasm_vaults_hangar, nicolae_vaults_ninety_degrees,
          ontoclasm_vaults_spin, ontoclasm_vaults_twist, v_misc_30,
          hangedman_vaults_stitches, vaults_room_ringed_pool,
          hangedman_vaults_locks, nicolae_vaults_little_squares_3,
          vaults_room_hallway, v_misc_3, vaults_dpeg_encased_lava,
          layout_vaults_maze_snakey, serial_shops,
          nicolae_shop_temple_entry_statues_fountains
Vaults:3: nicolae_vaults_quadrants, hangedman_vaults_pinch,
          grunt_vaults_diagonal, v_misc_3, v_misc_8, v_alt_pattern_2,
          ontoclasm_vaults_chip, minmay_crypt_entry_simple_box,
          vaults_room_grunt_arrival_ludios, ontoclasm_vaults_decontamination,
          nicolae_vaults_windows_and_doors_thing, nicolae_vaults_asterisk,
          vaults_mumra_lcd, serial_ice_g, layout_vaults_omnicross,
          enter_trove_3, basic_altar
Vaults:4: vaults_dpeg_cross, v_misc_10, special_room_vaults [special_room_orc],
          nicolae_vaults_angled_halls, nicolae_vaults_puzzle_piece,
          nicolae_vaults_triangles, v_pattern_1, v_misc_17, v_misc_24,
          grunt_vaults_funnel, nicolae_vaults_little_squares_3,
          layout_vaults_ring

Skill      XL: |  1  2  3  4  5  6  7  8  9 10 11 12 13 14 15 16 17 18 19 |
---------------+----------------------------------------------------------+-----
Fighting       | 2 3 4 5 7 8 9 |  9.0
Maces & Flails | 3 4 6 8 10 12 13 15 16 | 16.0
Shields        | 2 4 9 12 14 15 | 15.0
Armour         | 4 5 7 8 10 11 12 14 | 14.0
Evocations     | 2 6 7 |  7.0
Throwing       | 4 6 |  6.0
Dodging        | 4 5 6 8 |  8.0
Transmutations | 6 10 | 10.0
Conjurations   | 5 10 | 10.0
Spellcasting   | 1 9 10 | 10.0
Translocations | 4 |  4.9
Summonings     | 1 |  1.0
Long Blades    | |  1.0
Crossbows      | |  1.2
Stealth        | |  1.0

Action                   |  1- 3 |  4- 6 |  7- 9 | 10-12 | 13-15 | 16-18 | 19-21 || total
-------------------------+-------+-------+-------+-------+-------+-------+-------++-------
Melee: Dagger            |   120 |       |       |       |       |       |       ||   120
       Spear             |    46 |       |       |       |       |       |       ||    46
       Flail             |       |   134 |   273 |    14 |     8 |       |       ||   429
       Whip              |       |       |    29 |  1031 |  2207 |    44 |       ||  3311
       Morningstar       |       |       |       |     3 |     6 |   467 |       ||   476
       Demon whip        |       |       |       |       |       |  1795 |   304 ||  2099
       Eveningstar       |       |       |       |       |       |    11 |       ||    11
 Fire: Hand crossbow     |    26 |    85 |    84 |       |       |       |       ||   195
Throw: Dart              |       |     6 |    13 |       |     1 |     6 |     3 ||    29
       Throwing net      |       |       |       |       |       |     2 |       ||     2
 Cast: Irradiate         |       |       |       |       |       |    20 |    28 ||    48
Evoke: Wand              |       |       |    14 |     4 |    16 |    21 |       ||    55
       Phantom mirror    |       |       |       |     2 |     3 |     3 |       ||     8
       Box of beasts     |       |       |       |       |     2 |     3 |       ||     5
       Phial of floods   |       |       |       |       |       |     1 |       ||     1
       Condenser vane    |       |       |       |       |       |     2 |       ||     2
  Use: Scroll            |     6 |     3 |     2 |    17 |    11 |    24 |     5 ||    68
       Potion            |       |       |     4 |       |     8 |    10 |     1 ||    23
 Stab: Paralysed         |       |       |     7 |       |    15 |    12 |       ||    34
       Distracted        |       |       |     1 |       |     1 |     2 |       ||     4
       Invisible         |       |       |       |       |    18 |     2 |       ||    20
       Sleeping          |       |       |       |       |     3 |     4 |     1 ||     8
       Held in net/web   |       |       |       |       |       |     3 |       ||     3
Armor: Ring mail         |    69 |   100 |    56 |     3 |    68 |   384 |    45 ||   725
       Chain mail        |       |       |    67 |   298 |   279 |       |       ||   644
       Skin              |       |       |    24 |       |       |       |       ||    24
Dodge: Dodged            |    98 |    99 |   121 |   103 |   281 |   563 |    64 ||  1329
Block: Buckler           |       |     3 |    59 |       |       |       |       ||    62
       Kite shield       |       |       |    12 |   594 |  1143 |  1505 |   182 ||  3436
       Reflection        |       |       |       |    13 |    54 |   221 |    16 ||   304

Table legend: (Time is in decaauts)
 A = Elapsed time spent in this place.
 B = Non-inter-level travel time spent in this place.
 C = Inter-level travel time spent in this place.
 D = Time resting spent in this place.
 E = Time spent auto-exploring this place.
 F = Levels seen in this place.
 G = Mean time per level.
                   A        B        C        D        E       F      G
               +--------+--------+--------+--------+--------+-----+--------+
         Total |  60910 |  57829 |   3081 |   9077 |  37509 |  36 | 1691.9 |
       Dungeon |  20088 |  18553 |   1535 |   1437 |  12945 |  15 | 1339.2 |
          Lair |   6997 |   6562 |    435 |    286 |   5151 |   6 | 1166.2 |
        Shoals |   8417 |   8202 |    215 |   2511 |   4334 |   4 | 2104.2 |
     Snake Pit |  10725 |  10336 |    389 |   2618 |   5958 |   4 | 2681.2 |
  Orcish Mines |   5055 |   4654 |    401 |    346 |   3198 |   2 | 2527.5 |
        Vaults |   7754 |   7651 |    103 |    936 |   5381 |   4 | 1938.5 |
      Ice Cave |   1871 |   1871 |      0 |    940 |    540 |   1 | 1871.0 |
               +--------+--------+--------+--------+--------+-----+--------+

Top non-repeatable levels by time:
   Orc:2: 3522 daAuts
 Snake:3: 3522 daAuts
Shoals:4: 3111 daAuts
Shoals:3: 2797 daAuts
 Snake:2: 2789 daAuts
Vaults:1: 2539 daAuts
Vaults:2: 2433 daAuts
 Snake:4: 2241 daAuts
Vaults:3: 2188 daAuts
 Snake:1: 2172 daAuts
  Lair:6: 1924 daAuts
   IceCv: 1871 daAuts
     D:4: 1773 daAuts
     D:7: 1678 daAuts
    D:14: 1677 daAuts
